TOP OF THE 1ST |
Cape Cod Clams batting - Pitching for Indiana Hounds : LHP Daniel Gregory
|
Pitching: LHP Daniel Gregory
|
|
Batting: SHB Edgardo Osorio
|
0-0: Ball 1-0: Ball 2-0: Ground out 1-3 (Groundball, 25)
|
Batting: RHB Franklin Shaw
|
0-0: DOUBLE (Line Drive, 9LM)
|
Batting: LHB José Rivas
|
0-0: Ball 1-0: Ball 2-0: Called Strike 2-1: Ball 3-1: Swinging Strike 3-2: Strikes out swinging
|
Batting: RHB Sam Wallace
|
0-0: Ball 1-0: Ball 2-0: Ball 3-0: Base on Balls
|
Batting: LHB José González
|
0-0: Swinging Strike 0-1: Ball 1-1: Fielders Choice at 2nd, U4 (Groundball, 4M)
|
Top of the 1st over - 0 run(s), 1 hit(s), 0 error(s), 2 left on base; Cape Cod 0 - Indiana 0 |
BOTTOM OF THE 1ST |
Indiana Hounds batting - Pitching for Cape Cod Clams : RHP Jorge Jiménez
|
Pitching: RHP Jorge Jiménez
|
|
Batting: RHB Octávio Marín
|
0-0: Called Strike 0-1: Ground out 6-3 (Groundball, 6)
|
Batting: LHB Clint Parkinson
|
0-0: Ground out 4-3 (Groundball, 4)
|
Batting: RHB Paco Castillo
|
0-0: TRIPLE (Line Drive, 78M)
|
Batting: RHB Danny Walker
|
0-0: Called Strike 0-1: Called Strike 0-2: Ball 1-2: Ball 2-2: Foul Ball, location: 2F 2-2: SINGLE (Line Drive, 56D) Paco Castillo scores
|
Batting: RHB Shawn Marshall
|
0-0: Called Strike 0-1: Ball 1-1: Called Strike 1-2: Hit by Pitch Danny Walker to second
|
Batting: LHB Dave Watson
|
0-0: Ground out 4-3 (Groundball, 4)
|
Bottom of the 1st over - 1 run(s), 2 hit(s), 0 error(s), 2 left on base; Cape Cod 0 - Indiana 1 |
TOP OF THE 2ND |
Cape Cod Clams batting - Pitching for Indiana Hounds : LHP Daniel Gregory
|
Batting: RHB Héctor Jiménez
|
0-0: Called Strike 0-1: Ball 1-1: Ball 2-1: Swinging Strike 2-2: SINGLE (Line Drive, 56D)
|
Batting: SHB Andrés Díaz
|
0-0: Swinging Strike 0-1: Ball 1-1: Called Strike 1-2: Ball 2-2: Foul Ball, location: 2F 2-2: Strikes out swinging
|
Batting: RHB Juan Marín
|
0-0: Called Strike 0-1: Ball 1-1: Foul Ball, location: 2F 1-2: Ball 2-2: Fly out, F8 (Flyball, 8RM)
|
Batting: RHB Marcos Castillo
|
0-0: Ball 1-0: Ball 2-0: Ball 3-0: Base on Balls Héctor Jiménez to second
|
Batting: SHB Edgardo Osorio
|
0-0: Ball 1-0: Ball 2-0: Ball 3-0: Called Strike 3-1: Base on Balls Héctor Jiménez to third Marcos Castillo to second
|
Batting: RHB Franklin Shaw
|
0-0: Swinging Strike 0-1: Called Strike 0-2: Ball 1-2: Ball 2-2: Foul Ball, location: 2F 2-2: Fly out, F8 (Flyball, 8RM)
|
Top of the 2nd over - 0 run(s), 1 hit(s), 0 error(s), 3 left on base; Cape Cod 0 - Indiana 1 |
BOTTOM OF THE 2ND |
Indiana Hounds batting - Pitching for Cape Cod Clams : RHP Jorge Jiménez
|
Batting: RHB Carlos Moya
|
0-0: Ball 1-0: Ball 2-0: Called Strike 2-1: Swinging Strike 2-2: Strikes out swinging
|
Batting: RHB António Venecia
|
0-0: Ball 1-0: Ball 2-0: Called Strike 2-1: Foul Ball, location: 2F 2-2: Strikes out swinging
|
Batting: LHB Pepe Vázquez
|
0-0: Ball 1-0: Ball 2-0: Called Strike 2-1: Swinging Strike 2-2: Ball 3-2: Strikes out swinging
|
Bottom of the 2nd over - 0 run(s), 0 hit(s), 0 error(s), 0 left on base; Cape Cod 0 - Indiana 1 |
TOP OF THE 3RD |
Cape Cod Clams batting - Pitching for Indiana Hounds : LHP Daniel Gregory
|
Batting: LHB José Rivas
|
0-0: Ball 1-0: Ball 2-0: Ball 3-0: Called Strike 3-1: Foul Ball, location: 2F 3-2: SINGLE (Line Drive, 6D)
|
Batting: RHB Sam Wallace
|
0-0: Fly out, F2 (Popup, 2LF)
|
Batting: LHB José González
|
0-0: Ball 1-0: Grounds into double play, 6-4-3 (Groundball, 56)
|
Top of the 3rd over - 0 run(s), 1 hit(s), 0 error(s), 0 left on base; Cape Cod 0 - Indiana 1 |
BOTTOM OF THE 3RD |
Indiana Hounds batting - Pitching for Cape Cod Clams : RHP Jorge Jiménez
|
Batting: RHB Octávio Marín
|
0-0: Ball 1-0: Ground out 2-3 (Groundball, 2R)
|
Batting: LHB Clint Parkinson
|
0-0: Swinging Strike 0-1: Ball 1-1: Fly out, F6 (Popup, 6)
|
Batting: RHB Paco Castillo
|
0-0: Fly out, F9 (Flyball, 89M)
|
Bottom of the 3rd over - 0 run(s), 0 hit(s), 0 error(s), 0 left on base; Cape Cod 0 - Indiana 1 |
TOP OF THE 4TH |
Cape Cod Clams batting - Pitching for Indiana Hounds : LHP Daniel Gregory
|
Batting: RHB Héctor Jiménez
|
0-0: Ball 1-0: Called Strike 1-1: Foul Ball, location: 2F 1-2: Strikes out swinging
|
Batting: SHB Andrés Díaz
|
0-0: Ball 1-0: SOLO HOME RUN (Flyball, 78XD), Distance : 383 ft
|
Batting: RHB Juan Marín
|
0-0: Called Strike 0-1: Ball 1-1: Ball 2-1: Fly out, F9 (Line Drive, 8RM)
|
Batting: RHB Marcos Castillo
|
0-0: Called Strike 0-1: Ball 1-1: Ball 2-1: Called Strike 2-2: Fly out, F9 (Line Drive, 9M)
|
Top of the 4th over - 1 run(s), 1 hit(s), 0 error(s), 0 left on base; Cape Cod 1 - Indiana 1 |
BOTTOM OF THE 4TH |
Indiana Hounds batting - Pitching for Cape Cod Clams : RHP Jorge Jiménez
|
Batting: RHB Danny Walker
|
0-0: Called Strike 0-1: Ground out 6-3 (Groundball, 6)
|
Batting: RHB Shawn Marshall
|
0-0: Ball 1-0: Hit by Pitch
|
Batting: LHB Dave Watson
|
0-0: Called Strike 0-1: Foul Ball, location: 2F 0-2: Ball Shawn Marshall is caught stealing 2nd base 1-2: Ball 2-2: Ground out 1-3 (Groundball, 13)
|
Bottom of the 4th over - 0 run(s), 0 hit(s), 0 error(s), 0 left on base; Cape Cod 1 - Indiana 1 |
TOP OF THE 5TH |
Cape Cod Clams batting - Pitching for Indiana Hounds : LHP Daniel Gregory
|
Batting: SHB Edgardo Osorio
|
0-0: Ball 1-0: SINGLE (Groundball, 34D)
|
Pitching: LHP Dennis Taylor
|
|
Batting: RHB Franklin Shaw
|
0-0: Called Strike 0-1: Ball 1-1: Ball 2-1: Foul Ball, location: 2F 2-2: Ball 3-2: SINGLE (Groundball, 6MD) Edgardo Osorio to second
|
Batting: LHB José Rivas
|
0-0: Ball 1-0: Ball 2-0: Foul Ball, location: 2F 2-1: Fly out, F8 (Flyball, 78D)
|
Now in CF: Yoshihide Takahashi
|
|
Batting: RHB Sam Wallace
|
0-0: Ball 1-0: Foul Ball, location: 2F 1-1: Called Strike Edgardo Osorio is caught stealing 3rd base Franklin Shaw to second 1-2: Ground out 3-1 (Groundball, 34S)
|
Top of the 5th over - 0 run(s), 2 hit(s), 0 error(s), 1 left on base; Cape Cod 1 - Indiana 1 |
BOTTOM OF THE 5TH |
Indiana Hounds batting - Pitching for Cape Cod Clams : RHP Jorge Jiménez
|
Batting: RHB Carlos Moya
|
0-0: Ball 1-0: Foul Ball, location: 2F 1-1: Ball 2-1: Called Strike 2-2: Strikes out swinging
|
Batting: RHB António Venecia
|
0-0: Ball 1-0: Ball 2-0: Called Strike 2-1: Ball 3-1: Called Strike 3-2: Foul Ball, location: 2F 3-2: Base on Balls
|
Batting: RHB Yoshihide Takahashi
|
0-0: Foul Ball, location: 2F 0-1: Ball 1-1: DOUBLE (Line Drive, 7LM) António Venecia to third
|
Batting: RHB Octávio Marín
|
0-0: Ball 1-0: Swinging Strike 1-1: Ball 2-1: Foul Ball, location: 2F 2-2: Ball 3-2: Strikes out looking
|
Batting: LHB Clint Parkinson
|
0-0: Ball 1-0: Ball 2-0: Fly out, F7 (Popup, 56D)
|
Bottom of the 5th over - 0 run(s), 1 hit(s), 0 error(s), 2 left on base; Cape Cod 1 - Indiana 1 |
TOP OF THE 6TH |
Cape Cod Clams batting - Pitching for Indiana Hounds : LHP Dennis Taylor
|
Batting: LHB José González
|
0-0: Ball 1-0: Swinging Strike 1-1: Ball 2-1: Ball 3-1: Base on Balls
|
Batting: RHB Héctor Jiménez
|
0-0: Ball 1-0: Ball 2-0: Foul Ball, location: 2F 2-1: Ball 3-1: Grounds into double play, 6-4-3 (Groundball, 6M)
|
Batting: SHB Andrés Díaz
|
0-0: Ball 1-0: Foul Ball, location: 2F 1-1: Ball 2-1: Swinging Strike 2-2: Ball 3-2: Foul Ball, location: 2F 3-2: Ground out 5-3 (Groundball, 5S)
|
Top of the 6th over - 0 run(s), 0 hit(s), 0 error(s), 0 left on base; Cape Cod 1 - Indiana 1 |
BOTTOM OF THE 6TH |
Indiana Hounds batting - Pitching for Cape Cod Clams : RHP Jorge Jiménez
|
Batting: RHB Paco Castillo
|
0-0: Ball 1-0: Ball 2-0: Fly out, F7 (Flyball, 7LM)
|
Batting: RHB Danny Walker
|
0-0: Ball 1-0: Ball 2-0: Ball 3-0: Called Strike 3-1: Foul Ball, location: 2F 3-2: SINGLE (Groundball, 56D)
|
Batting: RHB Shawn Marshall
|
0-0: Grounds into double play, 5-4-3 (Groundball, 5L)
|
Bottom of the 6th over - 0 run(s), 1 hit(s), 0 error(s), 0 left on base; Cape Cod 1 - Indiana 1 |
TOP OF THE 7TH |
Cape Cod Clams batting - Pitching for Indiana Hounds : LHP Dennis Taylor
|
Pitching: LHP Keith Hill
|
|
Batting: RHB Juan Marín
|
0-0: SINGLE (Flyball, 8RS)
|
Pinch Hitting: SHB Rob Grun
|
0-0: Ball 1-0: Ball 2-0: Sac Bunt - play at first, batter OUT! 1-4 Juan Marín to second
|
Pinch Hitting: RHB Yasuhiro Kobayashi
|
0-0: SINGLE (Line Drive, 9S) Juan Marín to third
|
Batting: RHB Franklin Shaw
|
0-0: Ball 1-0: Foul Ball, location: 2F 1-1: Foul Ball, location: 2F 1-2: Strikes out swinging
|
Batting: LHB José Rivas
|
0-0: Ball 1-0: Ball 2-0: Called Strike 2-1: Fly out, F7 (Flyball, 78D)
|
Top of the 7th over - 0 run(s), 2 hit(s), 0 error(s), 2 left on base; Cape Cod 1 - Indiana 1 |
BOTTOM OF THE 7TH |
Indiana Hounds batting - Pitching for Cape Cod Clams : RHP Jorge Jiménez
|
Now at 1B: Yasuhiro Kobayashi
|
|
Now in LF: Rob Grun
|
|
Batting: LHB Dave Watson
|
0-0: Swinging Strike 0-1: Ball 1-1: Ball 2-1: Swinging Strike 2-2: Strikes out swinging
|
Pinch Hitting: RHB Juan Brieno
|
0-0: Swinging Strike 0-1: Swinging Strike 0-2: Foul Ball, location: 2F 0-2: Strikes out swinging
|
Batting: RHB António Venecia
|
0-0: Ball 1-0: Ball 2-0: Ball 3-0: Called Strike 3-1: Base on Balls
|
Pitching: RHP Mario González
|
|
Batting: RHB Yoshihide Takahashi
|
0-0: Ground out 4-3 (Groundball, 6M)
|
Bottom of the 7th over - 0 run(s), 0 hit(s), 0 error(s), 1 left on base; Cape Cod 1 - Indiana 1 |
TOP OF THE 8TH |
Cape Cod Clams batting - Pitching for Indiana Hounds : LHP Keith Hill
|
Now in LF: Dave Helásquez
|
|
Batting: RHB Sam Wallace
|
0-0: SINGLE (Line Drive, 5D)
|
Batting: LHB José González
|
0-0: Ball 1-0: Called Strike 1-1: Called Strike 1-2: Foul Ball, location: 2F 1-2: Ball 2-2: Ball 3-2: Strikes out looking
|
Batting: RHB Héctor Jiménez
|
0-0: Called Strike 0-1: Foul Ball, location: 2F 0-2: Ball 1-2: Ball 2-2: Ball 3-2: Strikes out swinging Throwing error on steal attempt, E2 Sam Wallace to third
|
Pinch Hitting: SHB Dave Lee
|
0-0: Called Strike 0-1: Swinging Strike 0-2: Ball 1-2: Strikes out swinging
|
Top of the 8th over - 0 run(s), 1 hit(s), 1 error(s), 1 left on base; Cape Cod 1 - Indiana 1 |
BOTTOM OF THE 8TH |
Indiana Hounds batting - Pitching for Cape Cod Clams : RHP Mario González
|
Now at 2B: Dave Lee
|
|
Pinch Hitting: RHB Juan Brito
|
0-0: Called Strike 0-1: Ball 1-1: Called Strike 1-2: Ground out 5-3 (Groundball, 56S)
|
Batting: LHB Clint Parkinson
|
0-0: Called Strike 0-1: Ball 1-1: Ground out 4-3 (Groundball, 4M)
|
Batting: RHB Paco Castillo
|
0-0: Foul Ball, location: 2F 0-1: Ball 1-1: Ground out 1-3 (Groundball, 13S)
|
Bottom of the 8th over - 0 run(s), 0 hit(s), 0 error(s), 0 left on base; Cape Cod 1 - Indiana 1 |
TOP OF THE 9TH |
Cape Cod Clams batting - Pitching for Indiana Hounds : LHP Keith Hill
|
Pitching: RHP Enrique Gómez
|
|
Now at SS: Juan Brito
|
|
Pinch Hitting: RHB Justin Schultz
|
0-0: Foul Ball, location: 2F 0-1: Called Strike 0-2: Foul Ball, location: 2F 0-2: Ball 1-2: Ball 2-2: Strikes out swinging
|
Batting: SHB Rob Grun
|
0-0: Ground out 4-3 (Groundball, 4M)
|
Batting: RHB Yasuhiro Kobayashi
|
0-0: Ball 1-0: Called Strike 1-1: Swinging Strike 1-2: Foul Ball, location: 2F 1-2: Ball 2-2: Foul Ball, location: 2F 2-2: Ball 3-2: Foul Ball, location: 2F 3-2: Base on Balls
|
Pitching: LHP Pedro Torres
|
|
Batting: RHB Franklin Shaw
|
0-0: Foul Ball, location: 2F 0-1: Ball 1-1: Called Strike 1-2: Ball 2-2: Ground out 4-3 (Groundball, 4)
|
Top of the 9th over - 0 run(s), 0 hit(s), 0 error(s), 1 left on base; Cape Cod 1 - Indiana 1 |
BOTTOM OF THE 9TH |
Indiana Hounds batting - Pitching for Cape Cod Clams : RHP Mario González
|
Pitching: RHP Juan Reyes
|
|
Now at C: António Ramos
|
|
Batting: RHB Danny Walker
|
0-0: Called Strike 0-1: Ball 1-1: Called Strike 1-2: Strikes out looking
|
Batting: RHB Shawn Marshall
|
0-0: Foul Ball, location: 2F 0-1: Ball 1-1: Ball 2-1: Ball 3-1: Foul Ball, location: 2F 3-2: Strikes out swinging
|
Batting: LHB Dave Watson
|
0-0: Ball 1-0: Swinging Strike 1-1: Ball 2-1: Foul Ball, location: 2F 2-2: Strikes out swinging
|
Bottom of the 9th over - 0 run(s), 0 hit(s), 0 error(s), 0 left on base; Cape Cod 1 - Indiana 1 |
TOP OF THE 10TH |
Cape Cod Clams batting - Pitching for Indiana Hounds : LHP Pedro Torres
|
Batting: LHB José Rivas
|
0-0: Called Strike 0-1: Swinging Strike 0-2: Ball 1-2: Foul Ball, location: 2F 1-2: Ball 2-2: Ball 3-2: Foul Ball, location: 2F 3-2: Foul Ball, location: 2F 3-2: Fly out, F8 (Flyball, 8RD)
|
Batting: RHB Sam Wallace
|
0-0: Foul Ball, location: 2F 0-1: Ball 1-1: Called Strike 1-2: Strikes out looking
|
Batting: LHB José González
|
0-0: Foul Ball, location: 2F 0-1: Ball 1-1: Ground out U3 (Groundball, 3)
|
Top of the 10th over - 0 run(s), 0 hit(s), 0 error(s), 0 left on base; Cape Cod 1 - Indiana 1 |
BOTTOM OF THE 10TH |
Indiana Hounds batting - Pitching for Cape Cod Clams : RHP Juan Reyes
|
Batting: LHB Dave Helásquez
|
0-0: Ground out 5-3 (Groundball, 5S)
|
Batting: RHB António Venecia
|
0-0: Fly out, F9 (Flyball, 9S)
|
Batting: RHB Yoshihide Takahashi
|
0-0: Called Strike 0-1: Ball 1-1: SINGLE (Line Drive, 89S)
|
Batting: RHB Juan Brito
|
0-0: Ball 1-0: Called Strike 1-1: Swinging Strike 1-2: Ball Throwing error on steal attempt, E2 Yoshihide Takahashi to third 2-2: Foul Ball, location: 2F 2-2: Ball 3-2: Foul Ball, location: 2F 3-2: Fly out, F4 (Popup, 4MD)
|
Bottom of the 10th over - 0 run(s), 1 hit(s), 1 error(s), 1 left on base; Cape Cod 1 - Indiana 1 |
TOP OF THE 11TH |
Cape Cod Clams batting - Pitching for Indiana Hounds : LHP Pedro Torres
|
Batting: RHB Héctor Jiménez
|
0-0: Ball 1-0: Ball 2-0: Called Strike 2-1: SINGLE (Line Drive, 8RS)
|
Batting: SHB Dave Lee
|
0-0: Ball 1-0: Sac Bunt - play at first, batter OUT! 1-4 Héctor Jiménez to second
|
Batting: RHB António Ramos
|
0-0: Foul Ball, location: 2F 0-1: Fly out, F9 (Flyball, 89S)
|
Pitching: RHP Teddy Mathews
|
|
Batting: SHB Rob Grun
|
0-0: Ground out 5-3 (Groundball, 56)
|
Top of the 11th over - 0 run(s), 1 hit(s), 0 error(s), 1 left on base; Cape Cod 1 - Indiana 1 |
BOTTOM OF THE 11TH |
Indiana Hounds batting - Pitching for Cape Cod Clams : RHP Juan Reyes
|
Pitching: RHP Claudio Rivera
|
|
Batting: LHB Clint Parkinson
|
0-0: Ball 1-0: Ball 2-0: Called Strike 2-1: Called Strike 2-2: SINGLE (Flyball, 78S)
|
Batting: RHB Paco Castillo
|
0-0: Ball 1-0: Ball 2-0: Foul Ball, location: 2F 2-1: Called Strike 2-2: Ball 3-2: Foul Ball, location: 2F 3-2: Fielders Choice at 2nd, 6-4 (Groundball, 6)
|
Batting: RHB Danny Walker
|
0-0: Swinging Strike 0-1: Foul Ball, location: 2F 0-2: Ball 1-2: 2-RUN HOME RUN (Flyball, 78XD), Distance : 378 ft
|
Monday, December 5th, 2016 - OOTP Baseball 17.12 Build 75
|
|